 Dungeon Crawl Stone Soup version 0.30-a0-1035-g38d5fb2972 (webtiles) character file.

Game seed: 6987505585736560050

7666 cdice the Fighter (level 11, -2/102 (105) HPs)
             Began as an Ogre Reaver on Apr 8, 2023.
             Was a High Priest of Kikubaaqudgha.
             Slain by a yak (7 damage)
             ... on level 9 of the Dungeon on Apr 9, 2023.
             The game lasted 00:45:04 (13579 turns).

cdice the Fighter (Ogre Reaver)                    Turns: 13579, Time: 00:45:06

HP:   -2/102 (105)  AC:  6    Str: 17    XL:     11   Next: 18%
MP:   20/20         EV: 13    Int: 26    God:    Kikubaaqudgha [*****.]
Gold: 396           SH:  5    Dex: 20    Spells: 8/22 levels left

rFire   + . .      SeeInvis .    x - +5 short sword "Waagekob" {flame, Fragile rPois Dex+6 Stlth+}
rCold   + . .      Faith    .    (no shield)
rNeg    . . .      Spirit   .    w - +0 steam dragon scales
rPois   +          Reflect  +    (helmet restricted)
rElec   +          Rampage  .    (no cloak)
rCorr   +                        (gloves unavailable)
Will    +....                    (boots unavailable)
Stlth   ++++                     y - amulet of reflection
HPRegen 0.37/turn                q - +6 ring of intelligence
MPRegen 0.17/turn                k - +6 ring of dexterity

@: mighty, resistant, lightly drained
A: large, unfitting armour, tough skin 1, clever 1, frail 1, wild magic 1
a: Renounce Religion, Unearth Wretches, Torment


You were on level 9 of the Dungeon.
You worshipped Kikubaaqudgha.
Kikubaaqudgha was extremely pleased with you.
You visited 1 branch of the dungeon, and saw 9 of its levels.
You also visited: Sewer and Ossuary.

You collected 564 gold pieces.
You spent 168 gold pieces at shops.

Inventory:

Hand Weapons
 a - a +0 falchion
 e - a +0 dagger of draining
 l - a +2 dagger of electrocution
 m - a +0 long sword
 o - a +2 short sword of venom
 x - the +5 short sword "Waagekob" (weapon) {flame, Fragile rPois Dex+6 Stlth+}
   (You bought it in a shop on level 3 of the Dungeon)

   Dex:       It affects your dexterity (+6).
   rPois:     It protects you from poison.
   Fragile:   It will be destroyed if unequipped.
   Stlth:     It makes you more stealthy.
 H - a +5 spectral short sword
Armour
 b - a +1 robe
 w - +0 steam dragon scales (worn)
Jewellery
 i - a ring of poison resistance
 k - a +6 ring of dexterity (right hand)
 q - a +6 ring of intelligence (left hand)
 y - an amulet of reflection (around neck)
Wands
 s - a wand of polymorph (5)
 B - a wand of flame (26)
 I - a wand of mindburst (19)
Scrolls
 c - 8 scrolls of teleportation
 d - 3 scrolls of blinking
 f - 3 scrolls of fear
 g - 10 scrolls of identify
 h - 4 scrolls of fog
 j - 2 scrolls of magic mapping
 n - a scroll of noise
 r - a scroll of enchant weapon
 t - a scroll of torment {unknown}
 z - a scroll of vulnerability {unknown}
Potions
 p - a potion of resistance
 u - 2 potions of curing
 v - a potion of cancellation
 D - a potion of might
 E - 3 potions of flight


   Skills:
 + Level 9.9 Fighting
 + Level 6.7(7.2) Short Blades
 + Level 3.9(5.8) Long Blades
 + Level 6.2 Dodging
 + Level 4.8 Stealth
 - Level 4.7 Shields
 + Level 6.3 Spellcasting
 + Level 3.3 Conjurations
 - Level 1.8 Necromancy
 + Level 0.5 Translocations
 * Level 6.9 Fire Magic
 * Level 1.0 Ice Magic
 * Level 0.7 Earth Magic


You had 8 spell levels left.
You knew the following spells:

 Your Spells              Type           Power      Damage    Failure   Level
a - Kiss of Death         Conj/Necr      100%       2d13      4%          1
b - Necrotise             Necr           92%        1d8       5%          1
c - Momentum Strike       Conj/Tloc      46%        3d9       8%          2
d - Foxfire               Conj/Fire      100%       2x1d9     1%          1
e - Stone Arrow           Conj/Erth      48%        3d10      13%         3
f - Vampiric Draining     Necr           23%        2d7       14%         3
g - Hailstorm             Conj/Ice       25%        3d7       13%         3

Your spell library contained the following spells:

 Spells                   Type           Power      Damage    Failure   Level
 Sandblast                Erth           32%        2d9       8%          1
 Apportation              Tloc           28%        N/A       9%          1
 Summon Small Mammal      Summ           40%        N/A       11%         1
 Cigotuvi's Dreadful Rot  Necr/Pois/Air  28%        N/A       12%         2
 Ensorcelled Hibernation  Hex/Ice        28%        N/A       13%         2
 Passwall                 Tmut/Erth      10%        N/A       13%         2
 Gell's Gravitas          Tloc           14%        N/A       22%         3
 Teleport Other           Tloc           14%        N/A       22%         3
 Summon Guardian Golem    Hex/Summ       10%        N/A       28%         3
 Swiftness                Air            10%        N/A       28%         3
 Fireball                 Conj/Fire      22%        3d10      30%         5
 Animate Dead             Necr           23%        N/A       38%         4
 Dispel Undead            Necr           23%        3d12      38%         4
 Agony                    Necr           23%        N/A       73%         5
 Borgnjor's Vile Clutch   Necr/Erth      9%         N/A       80%         5
 Starburst                Conj/Fire      22%        6d8       83%         6
 Plasma Beam              Fire/Air       17%        2x1d31    96%         6
 Death Channel            Necr           11%        N/A       99%         6
 Dispersal                Tloc           7%         N/A       100%        6
 Simulacrum               Ice/Necr       10%        N/A       100%        6
 Orb of Destruction       Conj           16%        9d7       100%        7
 Spellforged Servitor     Conj/Summ      10%        N/A       100%        7


Dungeon Overview and Level Annotations

Branches:
Dungeon (9/15)             Temple (0/1) D:6           Sewer (visited)
Ossuary (visited)
   Lair: D:8-11         Orc: D:9-12

Altars:
Ashenzari
Dithmenos
Hepliaklqana
Kikubaaqudgha
Nemelex Xobeh
The Shining One

Shops:
D:3 (


Innate Abilities, Weirdness & Mutations

You are too large for most types of armour.
You have tough skin. (AC +1)
Your mind is acute. (Int +4, Str/Dex -1)
You are frail. (-10% HP)
Your spells are a little harder to cast, but a little more powerful.


Message History

The yak bellows! x2
You hit the yak. You burn the yak.
The yak is heavily wounded.
You hit the yak. You burn the yak.
The yak is heavily wounded.
The yak misses you.
You hit the yak. You burn the yak.
The yak is severely wounded.
You puncture the yak! You burn the yak.
You kill the yak!
Kikubaaqudgha accepts your kill. The yak attacks as you move away!
The yak gores you. The yak attacks as you move away! The yak gores you!
The yak attacks as you move away! You block the yak's attack.
You see here 23 gold pieces.
You hit the yak but do no damage. The yak barely misses you. The yak gores you!
You puncture the yak! You burn the yak.
The yak is moderately wounded.
The yak closely misses you. The yak attacks as you move away!
The yak gores you!
You hit the yak. You burn the yak.
The yak is lightly wounded.
The yak gores you! You block the yak's attack.
The yak attacks as you move away! You block the yak's attack.
You feel protected. The yak gores you! x2
The yak attacks as you move away! The yak gores you!
* * * LOW HITPOINT WARNING * * *
It was a potion of magic.
Magic courses through your body. The yak misses you.
The yak gores you but does no damage.
You feel very mighty all of a sudden. The yak closely misses you.
The yak gores you!
* * * LOW HITPOINT WARNING * * *
You closely miss the yak.
The yak is moderately wounded.
The yak barely misses you. The yak gores you!
* * * LOW HITPOINT WARNING * * *
The yak gores you!
You die...
Kikubaaqudgha rasps: "You have failed me!
Welcome... death!"

..............#....+ #.
...........?. #....# ##
#........####....# #
#........#.......# #
#.$....$.#.......# # .
#........#.......# #
..#######..#.......# #
#.......YYY........# #
#........@YY.......#######
#.........................
+.........................
#.........................
#............8............
......................>...
..........................
................).........
..........................


You could see 5 yaks.

Vanquished Creatures
  Pikel (D:4)
  A troll (D:9)
  2 wraiths (Ossuary)
  4 yaks
  A steam dragon (D:9)
  Menkaure (D:4)
  2 water moccasins (D:5)
  2 orc warriors
  A black bear (D:4)
  An ice beast (D:5)
  2 ogres
  A phantom (D:5)
  3 lemures (D:4)
  3 kobold brigands
  4 bullfrogs
  3 gnoll sergeants
  2 scorpions
  8 wights
  6 killer bees (D:7)
  5 howler monkeys
  2 jellies
  A sleepcap (D:7)
  3 orc priests
  A hound (D:5)
  2 gnoll boudas
  Jessica (D:3)
  5 iguanas
  Terence (D:3)
  7 orc wizards
  Robin (D:4)
  A mummy (D:5)
  24 gnolls
  9 adders
  4 river rats (Sewer)
  2 shadow imps (D:6)
  7 white imps
  An ufetubus (D:8)
  An adder zombie (Ossuary)
  2 worms (D:2)
  3 dart slugs
  21 orcs
  12 ball pythons
  10 endoplasms
  2 giant cockroaches
  14 goblins
  7 hobgoblins
  4 jackals (D:3)
  19 kobolds
  2 quokkas
  7 bats
  3 frilled lizards
  2 hobgoblin skeletons (Ossuary)
  4 hobgoblin zombies
  4 kobold zombies
  An orc skeleton (Ossuary)
  24 rats
267 creatures vanquished.

Vanquished Creatures (collateral kills)
  A giant cockroach (D:1)
  A quokka (D:1)
  A rat (Sewer)
3 creatures vanquished.

Vanquished Creatures (others)
  2 demonic plants (D:8)
  6 foxfires
  12 plants (D:7)
20 creatures vanquished.

Grand Total: 290 creatures vanquished

Notes
Turn   | Place    | Note
-------+----------+-------------------------------------------
     0 | D:1      | cdice the Ogre Reaver began the quest for the Orb.
     0 | D:1      | Reached XP level 1. HP: 22/22 MP: 3/3
    80 | D:1      | Found a faded altar of an unknown god.
    87 | D:1      | Prayed at the altar of an unknown god.
    87 | D:1      | Became a worshipper of Kikubaaqudgha
    87 | D:1      | Reached * piety under Kikubaaqudgha
    87 | D:1      | Received a gift from Kikubaaqudgha
    90 | D:1      | Learned a level 1 spell: Necrotise
   239 | D:1      | Reached XP level 2. HP: 28/29 MP: 5/5
   523 | D:1      | Reached ** piety under Kikubaaqudgha
   719 | D:1      | Reached XP level 3. HP: 34/36 MP: 7/7
  1063 | D:2      | Reached skill level 3 in Fighting
  1629 | D:3      | Found an ancient bone altar of Kikubaaqudgha.
  1677 | D:3      | Reached XP level 4. HP: 45/45 MP: 8/8
  1704 | D:3      | Found Asergh's Antique Weapon Emporium.
  1867 | D:3      | Noticed Terence
  1900 | D:3      | Killed Terence
  2230 | D:3      | Found a glowing drain.
  2252 | Sewer    | Entered a sewer
  2361 | Sewer    | Noticed a kobold brigand
  2380 | Sewer    | Killed a kobold brigand
  2381 | Sewer    | Reached skill level 4 in Fighting
  2381 | Sewer    | Reached XP level 5. HP: 31/54 MP: 5/9
  2525 | Sewer    | HP: 1/54 [river rat (5)]
  2726 | Sewer    | Learned a level 2 spell: Momentum Strike
  2928 | Sewer    | Reached XP level 6. HP: 36/63 MP: 4/10
  3057 | Sewer    | Reached *** piety under Kikubaaqudgha
  3057 | Sewer    | Received a gift from Kikubaaqudgha
  3076 | Sewer    | Reached skill level 1 in Short Blades
  3076 | Sewer    | Reached skill level 1 in Necromancy
  3789 | D:3      | Bought an ichor-stained short sword for 168 gold pieces
  3789 | D:3      | Identified the +5 short sword "Waagekob" {flame, Fragile
                  | rPois Dex+6 Stlth+} (You bought it in a shop on level 3 of
                  | the Dungeon)
  4086 | D:3      | Learned a level 1 spell: Foxfire
  4117 | D:3      | Noticed Jessica
  4131 | D:3      | Killed Jessica
  4339 | D:3      | Found a shadowy altar of Dithmenos.
  4578 | D:4      | Noticed a black bear
  4580 | D:4      | Noticed Robin
  4596 | D:4      | Killed a black bear
  4597 | D:4      | Reached skill level 1 in Stealth
  4597 | D:4      | Reached XP level 7. HP: 47/71 MP: 11/13
  4605 | D:4      | Killed Robin
  4615 | D:4      | Reached **** piety under Kikubaaqudgha
  5011 | D:4      | Found a sand-covered staircase.
  5019 | Ossuary  | Entered an ossuary
  5120 | Ossuary  | Reached skill level 1 in Fire Magic
  5362 | Ossuary  | Noticed a wraith
  5362 | Ossuary  | Noticed a flying skull
  5374 | Ossuary  | Noticed a flying skull
  5375 | Ossuary  | Noticed a flying skull
  5377 | Ossuary  | Noticed a flying skull
  5408 | Ossuary  | Noticed a flying skull
  5519 | Ossuary  | Noticed a wraith
  5536 | Ossuary  | Killed a wraith
  5537 | Ossuary  | Reached skill level 5 in Fighting
  5537 | Ossuary  | Reached skill level 1 in Shields
  5537 | Ossuary  | Reached XP level 8. HP: 25/80 MP: 11/14
  5814 | Ossuary  | Noticed a wraith
  5831 | Ossuary  | Killed a wraith
  6165 | D:4      | Noticed Pikel
  6190 | D:4      | Killed Pikel
  6557 | D:4      | Noticed Menkaure
  6566 | D:4      | Killed Menkaure
  6567 | D:4      | Reached XP level 9. HP: 85/89 MP: 15/15
  6831 | D:4      | You fall into a shaft and drop 1 floor!
  6831 | D:5      | Entered Level 5 of the Dungeon
  6893 | D:5      | Reached skill level 6 in Fighting
  7328 | D:5      | Learned a level 3 spell: Stone Arrow
  7332 | D:5      | Learned a level 3 spell: Vampiric Draining
  7589 | D:5      | Reached skill level 5 in Short Blades
  7590 | D:5      | Gained mutation: You are somewhat resistant to further
                  | mutation. [potion of mutation]
  7590 | D:5      | Gained mutation: Your muscles are strong. (Str +4, Int/Dex
                  | -1) [potion of mutation]
  7590 | D:5      | Gained mutation: You are robust. (+10% HP) [potion of
                  | mutation]
  7592 | D:5      | Reached skill level 9 in Fighting
  7592 | D:5      | Reached skill level 5 in Dodging
  7592 | D:5      | Reached XP level 10. HP: 72/117 MP: 15/19
  7761 | D:5      | Learned a level 3 spell: Hailstorm
  8351 | D:6      | Found a sparkling altar of Nemelex Xobeh.
  8545 | D:6      | Found a staircase to the Ecumenical Temple.
  9008 | D:6      | Reached ***** piety under Kikubaaqudgha
  9813 | D:7      | Identified the +1 ring mail of Grottiness {Dex+3}
  9836 | D:7      | Found a glowing golden altar of the Shining One.
  9941 | D:7      | Found a hazy altar of Hepliaklqana.
  9961 | D:7      | Found a broken altar of Ashenzari.
 10595 | D:7      | Lost mutation: You are robust. (+10% HP) [potion of
                  | mutation]
 10595 | D:7      | Lost mutation: Your muscles are strong. (Str +4, Int/Dex
                  | -1) [potion of mutation]
 10595 | D:7      | Gained mutation: Your skin changes colour to match your
                  | surroundings (Stealth+). [potion of mutation]
 11917 | D:7      | Reached XP level 11. HP: 53/117 MP: 20/20
 12497 | D:8      | Lost mutation: Your skin changes colour to match your
                  | surroundings (Stealth+). [potion of mutation]
 12497 | D:8      | Lost mutation: You are somewhat resistant to further
                  | mutation. [potion of mutation]
 12497 | D:8      | Gained mutation: Your mind is acute. (Int +4, Str/Dex -1)
                  | [potion of mutation]
 12497 | D:8      | Gained mutation: Your spells are a little harder to cast,
                  | but a little more powerful. [potion of mutation]
 12497 | D:8      | Gained mutation: You are frail. (-10% HP) [potion of
                  | mutation]
 13534 | D:9      | Reached skill level 1 in Ice Magic
 13579 | D:9      | HP: 5/102 [yak (10)]
 13579 | D:9      | Slain by a yak

Illustrated notes

Levels and vault maps discovered:
D:1:      psy_arrival_basics, layout_loops_ring,
          hellmonk_ecumenical_altar_arch_garden
D:2:      layout_loops_cross
D:3:      layout_basic, lemuel_round_altar, mainiacjoe_overflow_alcove_1,
          portal_sewer_entry_d, serial_shops, nicolae_shop_hallway_stairs,
          nicolae_underground_beach, uniq_jessica, uniq_terence
D:4:      layout_basic, chequers_ossuary_entry_cave, uniq_crazy_yiuf_cottage,
          uniq_menkaure, uniq_robin, uniq_pikel
D:5:      layout_loops_ring, minmay_mini_ossuary
D:6:      layout_basic, nemelex_spade_bored_becter, temple_fountains
D:7:      layout_gridville, mainiacjoe_overflow_alcove_4,
          nicolae_hepliaklqana_hazy_memory, nicolae_ashenzari_panopticon
D:8:      layout_cave_pools, serial_demonic, serial_demonic_f, serial_demonic_b,
          serial_demonic_b, serial_demonic_a, grunt_ministairs_8
D:9:      layout_irregular_city, orc_0_dummy, minivault_16,
          kennysheep_generic_room_4

Skill      XL: |  1  2  3  4  5  6  7  8  9 10 11 |
---------------+----------------------------------+-----
Long Blades    | 3 |  3.9
Conjurations   | 3 |  3.3
Dodging        | 2 3 4 5 6 |  6.2
Fighting       | 3 4 5 9 |  9.9
Spellcasting   | 3 4 6 |  6.3
Short Blades   | 1 2 4 6 |  6.7
Necromancy     | 1 |  1.8
Stealth        | 1 2 4 |  4.8
Fire Magic     | 1 3 6 |  6.9
Shields        | 1 2 4 |  4.7
Ice Magic      | 1 |  1.0
Translocations | |  0.5
Earth Magic    | |  0.7

Action                     |  1- 3 |  4- 6 |  7- 9 | 10-12 || total
---------------------------+-------+-------+-------+-------++-------
  Melee: Falchion          |   142 |    47 |       |       ||   189
         Punch             |     2 |     2 |     2 |     5 ||    11
         Dagger            |       |    95 |       |       ||    95
         Short sword       |       |    73 |   256 |   403 ||   732
   Cast: Necrotise         |     7 |    13 |       |       ||    20
         Momentum Strike   |       |     2 |     8 |     4 ||    14
         Foxfire           |       |     2 |     8 |       ||    10
         Vampiric Draining |       |       |       |     6 ||     6
         Stone Arrow       |       |       |       |     5 ||     5
    Use: Potion            |     1 |     4 |     6 |    16 ||    27
         Scroll            |       |       |       |    12 ||    12
   Stab: Sleeping          |       |     2 |     4 |     7 ||    13
         Invisible         |       |       |     3 |     1 ||     4
         Distracted        |       |       |       |     1 ||     1
 Armour: Robe              |    64 |    71 |    27 |    50 ||   212
         Steam dragon scal |       |       |       |     1 ||     1
  Dodge: Dodged            |    73 |   157 |    72 |   284 ||   586
  Block: Other             |       |    10 |    32 |   121 ||   163
         Reflection        |       |       |     1 |     2 ||     3

Table legend: (Time is in decaauts)
 A = Elapsed time spent in this place.
 B = Non-inter-level travel time spent in this place.
 C = Inter-level travel time spent in this place.
 D = Time resting spent in this place.
 E = Time spent auto-exploring this place.
 F = Levels seen in this place.
 G = Mean time per level.
                   A        B        C        D        E       F      G
               +--------+--------+--------+--------+--------+-----+--------+
         Total |  13450 |  13269 |    181 |   4629 |   5930 |  11 | 1222.7 |
       Dungeon |  10939 |  10758 |    181 |   3698 |   5008 |   9 | 1215.4 |
         Sewer |   1479 |   1479 |      0 |    475 |    646 |   1 | 1479.0 |
       Ossuary |   1031 |   1031 |      0 |    455 |    276 |   1 | 1031.0 |
               +--------+--------+--------+--------+--------+-----+--------+

Top non-repeatable levels by time:
     D:7: 2410 daAuts
     D:6: 1660 daAuts
   Sewer: 1479 daAuts
     D:3: 1457 daAuts
     D:4: 1226 daAuts
     D:8: 1123 daAuts
     D:5: 1103 daAuts
 Ossuary: 1031 daAuts
     D:1: 939 daAuts
     D:2: 702 daAuts
     D:9: 316 daAuts
